[ AOE2 MATCH · #495265907 ]
UnrankedPersians vs Hindustanis
Player's team · LOSS
[ REPLAY ANALYSIS · EXTRACTED FROM THE RECORDED GAME ]
Feudal
10:49
Castle
14:22
Imperial
—
| APM avg | 43.0 |
| APM peak | 70 |
| eAPM avg | 24.1 |
| Villagers / military | 74 / 4 |
Focus
⚔️ 16.3% · 🌾 83.7%
Fishing Ship ×8 · Unknown (2626) ×5 · Mangonel ×2 · Scorpion ×2
Feudal
11:20
Castle
15:43
Imperial
—
| APM avg | 45.1 |
| APM peak | 122 |
| eAPM avg | 17.4 |
| Villagers / military | 55 / 24 |
Focus
⚔️ 25.3% · 🌾 74.7%
Ghulam ×21 · Fishing Ship ×11 · Mangonel ×2 · Transport Ship ×1
Match map
Initial resources + every placement click. Lines = walls · curves = elevation contours. ◆ gold · ⬟ stone · ● berries · ✦ relic · ◌ wall gap
Your base· ✓ Map-separated
Chungus's base· ✓ Map-separated
Smoothed initial terrain · ◌ = detected wall gap · hover for details
Inputs per minute
— BilbooDEMON - - Chungus
Build order — BilbooDEMON
First 150 of 153 actions detected
| 0:01 | Queue | Villager (Male) |
| 0:01 | Queue | Villager (Male) |
| 0:02 | Queue | Villager (Male) |
| 0:03 | Build | House |
| 0:04 | Build | House |
| 0:17 | Queue | Villager (Male) |
| 0:17 | Queue | Villager (Male) |
| 1:32 | Queue | Villager (Male) |
| 1:33 | Queue | Villager (Male) |
| 1:39 | Build | Lumber Camp |
| 1:57 | Queue | Villager (Male) |
| 1:57 | Queue | Villager (Male) |
| 2:20 | Queue | Villager (Male) |
| 2:57 | Queue | Villager (Male) |
| 2:57 | Queue | Villager (Male) |
| 3:58 | Queue | Villager (Male) |
| 3:58 | Queue | Villager (Male) |
| 3:59 | Queue | Villager (Male) |
| 4:14 | Queue | Villager (Male) |
| 4:14 | Queue | Villager (Male) |
| 4:32 | Queue | Villager (Male) |
| 4:56 | Build | Dock |
| 5:16 | Queue | Villager (Male) |
| 5:16 | Queue | Villager (Male) |
| 5:41 | Queue | Villager (Male) |
| 5:45 | Queue | Fishing Ship |
| 5:45 | Queue | Fishing Ship |
| 5:58 | Queue | Villager (Male) |
| 6:02 | Queue | Fishing Ship |
| 6:20 | Queue | Villager (Male) |
| 6:21 | Queue | Villager (Male) |
| 6:27 | Build | House |
| 6:47 | Queue | Villager (Male) |
| 6:56 | Queue | Villager (Male) |
| 7:02 | Build | Mill |
| 7:07 | Queue | Villager (Male) |
| 7:37 | Queue | Villager (Male) |
| 7:43 | Queue | Fishing Ship |
| 7:47 | Queue | Villager (Male) |
| 7:57 | Build | House |
| 8:00 | Research | Loom |
| 8:25 | Queue | Villager (Male) |
| 8:28 | Research | Feudal Age |
| 8:52 | Queue | Fishing Ship |
| 9:05 | Queue | Villager (Male) |
| 9:11 | Build | Mining Camp |
| 9:27 | Queue | Villager (Male) |
| 9:27 | Queue | Villager (Male) |
| 10:49 | Age | Feudal Age |
| 10:52 | Build | Blacksmith |
| 11:00 | Build | Market |
| 11:09 | Queue | Villager (Male) |
| 11:17 | Queue | Villager (Male) |
| 11:24 | Queue | Unit 2626 |
| 11:24 | Queue | Unit 2626 |
| 11:49 | Build | Outpost |
| 11:52 | Build | Outpost |
| 11:54 | Research | Castle Age |
| 12:15 | Queue | Villager (Male) |
| 12:23 | Build | Farm |
| 12:24 | Build | Farm |
| 12:31 | Queue | Villager (Male) |
| 13:07 | Queue | Unit 2626 |
| 13:07 | Queue | Unit 2626 |
| 13:12 | Build | House |
| 13:19 | Build | House |
| 13:43 | Build | House |
| 13:51 | Build | Outpost |
| 13:55 | Build | Outpost |
| 13:58 | Build | Outpost |
| 14:01 | Queue | Villager (Male) |
| 14:14 | Queue | Unit 2626 |
| 14:22 | Age | Castle Age |
| 14:54 | Queue | Villager (Male) |
| 14:54 | Queue | Villager (Male) |
| 15:14 | Build | Town Center |
| 15:26 | Build | House |
| 15:27 | Queue | Villager (Male) |
| 15:45 | Build | Lumber Camp |
| 15:46 | Queue | Villager (Male) |
| 16:00 | Queue | Fishing Ship |
| 16:01 | Queue | Fishing Ship |
| 16:25 | Build | Outpost |
| 16:26 | Build | Outpost |
| 16:30 | Build | Outpost |
| 16:34 | Build | House |
| 16:46 | Queue | Villager (Male) |
| 16:53 | Queue | Villager (Male) |
| 16:53 | Queue | Villager (Male) |
| 16:54 | Queue | Villager (Male) |
| 17:12 | Build | Dock |
| 17:16 | Queue | Villager (Male) |
| 17:24 | Research | Double-Bit Axe |
| 17:42 | Build | Farm |
| 17:47 | Research | Horse Collar |
| 17:53 | Queue | Villager (Male) |
| 17:54 | Queue | Villager (Male) |
| 17:54 | Queue | Villager (Male) |
| 17:55 | Queue | Villager (Male) |
| 18:11 | Queue | Villager (Male) |
| 18:15 | Build | Farm |
| 18:16 | Queue | Villager (Male) |
| 18:18 | Build | Farm |
| 18:19 | Build | Farm |
| 18:26 | Queue | Villager (Male) |
| 18:26 | Queue | Villager (Male) |
| 18:36 | Build | House |
| 18:46 | Build | Palisade Wall |
| 18:52 | Build | Palisade Wall |
| 18:56 | Build | Palisade Wall |
| 19:04 | Queue | Villager (Male) |
| 19:04 | Queue | Villager (Male) |
| 19:08 | Queue | Fishing Ship |
| 19:10 | Queue | Villager (Male) |
| 19:29 | Build | Town Center |
| 19:36 | Build | Farm |
| 19:48 | Build | Siege Workshop |
| 19:50 | Queue | Villager (Male) |
| 19:50 | Queue | Villager (Male) |
| 20:03 | Build | Barracks |
| 20:07 | Queue | Villager (Male) |
| 20:07 | Queue | Villager (Male) |
| 20:29 | Queue | Villager (Male) |
| 20:29 | Queue | Villager (Male) |
| 20:55 | Queue | Villager (Male) |
| 20:55 | Queue | Villager (Male) |
| 21:17 | Research | Scale Barding Armor |
| 21:47 | Queue | Villager (Male) |
| 22:20 | Queue | Villager (Male) |
| 22:20 | Queue | Villager (Male) |
| 22:20 | Queue | Villager (Male) |
| 22:26 | Build | Farm |
| 22:26 | Build | Farm |
| 22:26 | Build | Farm |
| 22:26 | Build | Farm |
| 22:27 | Build | Farm |
| 22:27 | Build | Farm |
| 22:28 | Build | Farm |
| 22:32 | Queue | Villager (Male) |
| 22:36 | Build | Farm |
| 22:37 | Build | Farm |
| 22:40 | Build | Farm |
| 22:40 | Build | Farm |
| 22:54 | Queue | Mangonel |
| 22:54 | Queue | Mangonel |
| 22:58 | Queue | Scorpion |
| 23:12 | Build | Stable |
| 23:21 | Build | Palisade Wall |
| 23:39 | Build | Mining Camp |
| 23:51 | Queue | Scorpion |
Build order — Chungus
First 150 of 156 actions detected
| 0:00 | Queue | Villager (Male) |
| 0:00 | Queue | Villager (Male) |
| 0:01 | Queue | Villager (Male) |
| 0:02 | Build | House |
| 0:06 | Build | House |
| 0:12 | Queue | Villager (Male) |
| 1:05 | Queue | Villager (Male) |
| 1:05 | Queue | Villager (Male) |
| 1:28 | Queue | Villager (Male) |
| 1:57 | Build | Lumber Camp |
| 2:04 | Queue | Villager (Male) |
| 2:43 | Queue | Villager (Male) |
| 3:18 | Queue | Villager (Male) |
| 3:19 | Queue | Villager (Male) |
| 3:20 | Queue | Villager (Male) |
| 3:24 | Build | House |
| 4:30 | Queue | Villager (Male) |
| 4:31 | Queue | Villager (Male) |
| 4:31 | Queue | Villager (Male) |
| 5:08 | Build | Dock |
| 5:09 | Queue | Villager (Male) |
| 5:24 | Queue | Villager (Male) |
| 5:24 | Queue | Villager (Male) |
| 5:29 | Build | Dock |
| 5:53 | Queue | Villager (Male) |
| 5:53 | Queue | Villager (Male) |
| 6:01 | Queue | Villager (Male) |
| 6:01 | Queue | Villager (Male) |
| 6:07 | Queue | Villager (Male) |
| 6:07 | Queue | Villager (Male) |
| 6:11 | Queue | Fishing Ship |
| 6:50 | Queue | Villager (Male) |
| 6:53 | Queue | Fishing Ship |
| 7:00 | Build | Mill |
| 7:22 | Queue | Fishing Ship |
| 7:53 | Queue | Villager (Male) |
| 7:57 | Queue | Fishing Ship |
| 8:01 | Build | House |
| 8:26 | Build | Mining Camp |
| 8:29 | Research | Feudal Age |
| 8:29 | Research | Feudal Age |
| 8:51 | Queue | Fishing Ship |
| 9:37 | Queue | Fishing Ship |
| 9:54 | Build | House |
| 9:59 | Build | House |
| 10:21 | Queue | Fishing Ship |
| 10:38 | Queue | Villager (Male) |
| 10:38 | Queue | Villager (Male) |
| 11:05 | Queue | Fishing Ship |
| 11:20 | Age | Feudal Age |
| 11:24 | Queue | Villager (Male) |
| 11:26 | Build | Blacksmith |
| 11:28 | Build | Market |
| 11:39 | Research | Double-Bit Axe |
| 11:39 | Research | Double-Bit Axe |
| 11:53 | Queue | Fishing Ship |
| 12:09 | Queue | Villager (Male) |
| 12:12 | Build | Farm |
| 12:32 | Build | Mining Camp |
| 12:33 | Queue | Villager (Male) |
| 12:35 | Research | Loom |
| 12:38 | Research | Loom |
| 12:39 | Research | Loom |
| 13:00 | Research | Castle Age |
| 13:00 | Research | Castle Age |
| 13:04 | Queue | Fishing Ship |
| 13:24 | Queue | Transport Ship |
| 14:01 | Build | Barracks |
| 14:03 | Research | Scale Mail Armor |
| 14:03 | Research | Scale Mail Armor |
| 14:10 | Queue | Fishing Ship |
| 14:16 | Build | House |
| 14:48 | Queue | Villager (Male) |
| 14:55 | Queue | Villager (Male) |
| 15:17 | Build | Farm |
| 15:20 | Build | Farm |
| 15:38 | Queue | Villager (Male) |
| 15:43 | Age | Castle Age |
| 15:44 | Research | Chain Mail Armor |
| 15:55 | Queue | Villager (Male) |
| 16:07 | Queue | Villager (Male) |
| 16:10 | Build | Farm |
| 16:32 | Queue | Villager (Male) |
| 16:43 | Queue | Villager (Male) |
| 16:47 | Build | Farm |
| 16:53 | Build | Farm |
| 17:17 | Queue | Villager (Male) |
| 17:26 | Build | Farm |
| 17:44 | Queue | Villager (Male) |
| 17:46 | Build | Farm |
| 17:51 | Build | House |
| 18:15 | Queue | Villager (Male) |
| 18:18 | Research | Chain Mail Armor |
| 18:18 | Research | Chain Mail Armor |
| 18:28 | Build | Castle |
| 18:39 | Build | Castle |
| 18:40 | Research | Fletching |
| 18:46 | Build | Palisade Gate |
| 18:53 | Build | Palisade Gate |
| 18:58 | Build | Palisade Wall |
| 19:01 | Build | Palisade Gate |
| 19:03 | Build | Palisade Wall |
| 19:07 | Build | Palisade Wall |
| 19:13 | Queue | Villager (Male) |
| 19:16 | Queue | Villager (Male) |
| 19:27 | Build | Farm |
| 19:30 | Build | Farm |
| 19:43 | Queue | Villager (Male) |
| 19:47 | Research | Forging |
| 19:47 | Research | Forging |
| 19:48 | Queue | Villager (Male) |
| 19:51 | Build | Mining Camp |
| 20:05 | Queue | Villager (Male) |
| 20:10 | Build | Farm |
| 20:17 | Build | House |
| 20:19 | Build | Farm |
| 20:20 | Queue | Ghulam |
| 20:20 | Queue | Ghulam |
| 20:20 | Queue | Ghulam |
| 20:35 | Build | Siege Workshop |
| 20:37 | Queue | Villager (Male) |
| 20:48 | Queue | Ghulam |
| 20:49 | Queue | Ghulam |
| 20:57 | Research | Squires |
| 20:57 | Research | Squires |
| 20:59 | Queue | Ghulam |
| 20:59 | Queue | Ghulam |
| 21:15 | Queue | Ghulam |
| 21:15 | Queue | Ghulam |
| 21:15 | Queue | Ghulam |
| 21:24 | Queue | Ghulam |
| 21:26 | Queue | Mangonel |
| 21:38 | Queue | Villager (Male) |
| 21:42 | Build | Mining Camp |
| 21:55 | Queue | Ghulam |
| 22:10 | Queue | Villager (Male) |
| 22:13 | Build | Farm |
| 22:17 | Queue | Villager (Male) |
| 22:32 | Queue | Ghulam |
| 22:43 | Queue | Ghulam |
| 22:43 | Queue | Ghulam |
| 22:44 | Queue | Villager (Male) |
| 22:50 | Queue | Ghulam |
| 22:54 | Queue | Mangonel |
| 22:55 | Queue | Villager (Male) |
| 23:11 | Queue | Ghulam |
| 23:12 | Queue | Villager (Male) |
| 23:16 | Build | Farm |
| 23:18 | Build | Farm |
| 23:38 | Queue | Ghulam |
Match timeline
| 4:56 | BilbooDEMON · first_building Dock |
| 5:08 | Chungus · first_building Dock |
| 10:49 | BilbooDEMON · age_up feudal |
| 11:20 | Chungus · age_up feudal |
| 14:01 | Chungus · first_building Barracks |
| 14:22 | BilbooDEMON · age_up castle |
| 15:08 | BilbooDEMON · first_market_sell 100 food |
| 15:09 | BilbooDEMON · first_market_buy 100 wood |
| 15:43 | Chungus · age_up castle |
| 18:28 | Chungus · first_building Castle |
| 18:46 | BilbooDEMON · wall_segment Palisade Wall x1 |
| 18:52 | BilbooDEMON · wall_segment Palisade Wall x1 |
| 18:56 | BilbooDEMON · wall_segment Palisade Wall x1 |
| 18:58 | Chungus · wall_segment Palisade Wall x1 |
| 19:03 | Chungus · wall_segment Palisade Wall x1 |
| 19:07 | Chungus · wall_segment Palisade Wall x1 |
| 19:42 | Chungus · first_market_buy 100 food |
| 19:48 | BilbooDEMON · first_building Siege Workshop |
| 20:03 | BilbooDEMON · first_building Barracks |
| 20:35 | Chungus · first_building Siege Workshop |
| 23:12 | BilbooDEMON · first_building Stable |
| 23:21 | BilbooDEMON · wall_segment Palisade Wall x1 |
| 24:26 | BilbooDEMON · resign |
[ AI ANALYSIS · 1 CREDIT ]
What really happened in this match?
Wolo.gg analyzes every decision: build order, eco, micro, common mistakes by bracket. Personalized analysis on WhatsApp or Discord in 30 seconds.
Civ guide
Persians
Perfil
Jugador #618457